AoeStats
← Samuel

Black Forest

507808473Analyzed
2v2 RM · 14d ago on Sep 19, 2026· 50m 15s· 4 players
Game mode
Random Map
Map size
Medium (4 player)
Population
200
Speed
Normal
Resources
Standard
Victory
Conquest
Starting age
Dark Age
Ending age
Imperial Age
RankedLock teamsTeams togetherTeam positionsShared explorationLock speedFull tech treeHidden civsTurbo modeCheats
Victory
Defeat
🇦🇷 Bengalis · Argentina
717
+16
🇬🇧 Spanish · United Kingdom
706
+16
🇹🇷 Khmer · Türkiye
901
-75
🇹🇷 Lithuanians · Türkiye
520
-9
Samuel
0:49 Loom
13:28 Feudal Age
14:02 Double-Bit Axe
13:58 Horse Collar
20:28 Castle Age
20:42 Scale Barding Armor
20:48 Forging
21:19 Bow Saw
21:24 Heavy Plow
21:43 Gold Mining
22:14 Stone Mining
23:37 Wheelbarrow
23:53 Town Watch
24:10 Caravan
25:04 Fortified Wall
25:14 Murder Holes
27:18 Hand Cart
28:06 Chain Barding Armor
28:29 Iron Casting
29:33 Bloodlines
30:11 Masonry
33:51 Imperial Age
33:55 Stone Shaft Mining
33:53 Elite Conquistador
33:55 Light Cavalry
35:27 Plate Barding Armor
35:53 Blast Furnace
35:15 Hussar
37:34 Two-Man Saw
39:26 Husbandry
39:55 Conscription
41:19 Cavalier
43:08 Architecture
47:09 Paladin
49:18 Blast Furnace
Wispi
0:27 Loom
13:22 Feudal Age
19:07 Castle Age
17:41 Stone Mining
18:54 Horse Collar
20:20 Heavy Plow
20:20 Double-Bit Axe
24:43 Gold Mining
26:16 Bow Saw
27:59 Fortified Wall
28:11 Ballistics
27:32 Treadmill Crane
27:46 Town Watch
28:50 Wheelbarrow
33:51 Imperial Age
31:53 Caravan
33:57 Fervor
35:22 Hand Cart
34:44 Siege Elephant
35:57 Scale Barding Armor
35:52 Scale Mail Armor
37:40 Chain Barding Armor
37:21 Padded Archer Armor
37:11 Fletching
38:39 Two-Man Saw
38:11 Crop Rotation
38:34 Elite Elephant Archer
39:49 Elite Battle Elephant
41:31 Gold Shaft Mining
41:11 Town Patrol
41:39 Leather Archer Armor
41:39 Forging
43:01 Plate Barding Armor
43:36 Chemistry
42:53 Bodkin Arrow
44:03 Iron Casting
44:18 Ring Archer Armor
47:27 Blast Furnace
46:29 Bracer
50:40 Chain Mail Armor
Synthax
0:33 Loom
15:31 Feudal Age
24:30 Castle Age
23:02 Gold Mining
23:04 Stone Mining
23:00 Horse Collar
23:13 Double-Bit Axe
26:17 Heavy Plow
26:31 Bow Saw
27:01 Stone Shaft Mining
32:30 Hill Forts
39:38 Imperial Age
40:06 Elite Leitis
40:50 Tower Shields
44:13 Scale Barding Armor
44:20 Forging
45:03 Crop Rotation
46:20 Chemistry
46:33 Two-Man Saw
47:07 Iron Casting
47:15 Ballistics
KAM
13:11 Feudal Age
17:16 Castle Age
15:32 Double-Bit Axe
15:45 Horse Collar
20:10 Gold Mining
20:12 Stone Mining
25:49 Bow Saw
30:00 Imperial Age
29:36 Ballistics
29:41 Fortified Wall
30:17 Heavy Plow
35:18 Conscription
36:13 Gold Shaft Mining
36:13 Stone Shaft Mining
36:12 Elite Ballista Elephant
37:54 Double Crossbow
39:34 Tusk Swords
41:31 Heavy Scorpion
42:18 Town Watch
49:28 Chemistry
48:33 Siege Engineers
48:26 Murder Holes
Connection lost

Rejoining the realm…

Still unreachable

The connection could not be restored.

Session expired

The server has moved on; the page needs a fresh start.